Map: Shrines of Lizul

Players

MonstroTown

  • Race: Terran Terran
  • Spawn Location: 12:00

Michael

  • Race: Zerg Zerg
  • League: Gold
  • Spawn Location: 3:00

JohnShaft - Winner!

  • Race: Terran Terran
  • Spawn Location: 6:00

Momo - Winner!

  • Race: Terran Terran
  • Spawn Location: 9:00

VOD

Have the link to the VOD?

Description

Time

  • Played on: Sept. 15, 2018, 11:35 p.m.
  • Length: 17:18
Show
View Real Time Build Order
Export as new Build Order

MonstroTown Terran 

Build Orders:  

Get SALT Encoding   

  12  0:01  SCV  
  13  0:13  SCV  
  14  0:19  Supply Depot  
  14  0:26  SCV  
  15  0:36  Refinery  
  15  0:41  SCV  
  16  0:45  Barracks  
  16  0:52  Refinery  
  16  0:57  SCV  
  17  1:09  SCV  
  18  1:21  SCV  
  19  1:34  Reaper  
  19  1:35  Orbital Command  
  20  1:44  Factory  
  21  2:01  SCV  
  21  2:10  Barracks Reactor  
  21  2:12  Supply Depot  
  21  2:13  SCV  
  22  2:25  SCV  
  23  2:33  Supply Depot  
  25  2:42  SCV  
  22  3:06  Marine  
  21  3:24  Marine  
  21  3:36  Cyclone x2  
  27  3:52  Command Center, Barracks Reactor  
  27  4:03  Bunker  
  26  4:14  Cyclone  
  29  4:22  SCV  
  30  4:35  SCV  
  30  4:38  Cyclone  
  34  4:42  Marine x2  
  36  4:56  Supply Depot  
  36  4:57  SCV  
  36  4:58  Bunker  
  37  5:00  Marine  
  37  5:06  Orbital Command  
  38  5:15  Cyclone  
  38  5:17  SCV  
  42  5:29  SCV  
  42  5:31  Starport  
  42  5:33  SCV  
  44  5:37  Marine x2  
  44  5:41  SCV  
  47  5:46  Supply Depot  
  47  5:52  Cyclone  
  47  5:54  SCV  
  51  6:01  SCV  
  51  6:02  Marine  
  51  6:03  Cyclone  
  56  6:09  Medivac  
  58  6:19  Supply Depot  
  58  6:28  Cyclone  
  61  6:33  Barracks  
  61  6:35  Engineering Bay  
  42  7:29  Marine x2  
  27  7:44  Marine  
  21  7:47  Marine x2  
  11  8:01  Marine  
  11  8:05  Marine x2  
  13  8:19  Marine  
  12  8:31  Orbital Command  
  7  9:25  Marine x2  
  9  9:37  Cyclone  
  9  9:38  Cyclone  
  15  9:43  Marine  
  16  9:45  Barracks  
  16  9:57  Marine  
  15  10:00  Marine  
  16  10:15  SCV, Orbital Command  
  16  10:19  Medivac  
  19  10:22  Cyclone  
  19  10:27  SCV  
  23  10:30  Marine x2  
  25  10:36  Barracks Tech Lab  
  25  10:43  SCV x2  
  27  10:55  SCV  
  28  11:05  Marine x2  
  19  11:55  Supply Depot  
  19  12:16  Marine x2  
  21  12:24  SCV  
  22  12:34  Marine  
  23  12:40  SCV  
  23  12:42  Supply Depot  
  23  12:44  Supply Depot  
  23  12:55  Marine  
Show
View Real Time Build Order
Export as new Build Order

Michael Zerg 

Build Orders: Pool First 

Get SALT Encoding   

  12  0:00  Drone  
  13  0:12  Overlord  
  13  0:18  Drone  
  14  0:31  Drone x2  
  14  0:34  Drone  
  17  0:41  Extractor  
  16  0:45  Drone  
  17  0:53  Spawning Pool  
  17  0:56  Drone  
  17  1:07  Drone  
  18  1:25  Hatchery  
  17  1:28  Drone  
  17  1:31  Drone  
  19  1:43  Queen  
  21  1:51  Metabolic Boost  
  21  1:56  Zergling x2  
  22  2:03  Overlord  
  22  2:17  Roach Warren  
  22  2:18  Drone  
  22  2:23  Drone  
  22  2:25  Drone  
  24  2:32  Drone  
  25  2:40  Queen  
  27  2:50  Queen  
  29  3:01  Zergling x6  
  32  3:07  Zergling x2  
  32  3:08  Zergling x2  
  33  3:44  Drone x3  
  33  3:47  Overlord x3  
  36  3:53  Lair  
  33  3:59  Roach  
  33  4:01  Overlord x2  
  34  4:09  Roach x2  
  38  4:13  Roach  
  40  4:29  Hatchery  
  39  4:33  Drone x2  
  39  4:38  Extractor  
  40  4:42  Evolution Chamber  
  39  4:46  Spore Crawler  
  38  5:00  Glial Reconstitution  
  38  5:09  Zerg Ground Armor Level 1  
  38  5:10  Hydralisk Den  
  37  5:17  Drone x5  
  37  5:20  Drone  
  43  5:37  Drone x3  
  43  5:40  Drone x4  
  43  5:41  Drone  
  51  5:43  Drone  
  51  5:48  Extractor, Drone  
  51  5:49  Extractor  
  51  5:50  Drone  
  51  5:53  Drone  
  51  5:55  Drone  
  54  5:57  Drone  
  54  5:59  Drone  
  54  6:01  Drone  
  54  6:03  Drone  
  58  6:05  Drone  
  58  6:10  Queen  
  61  6:20  Hydralisk x2  
  61  6:24  Muscular Augments  
  65  6:28  Roach  
  65  6:30  Roach  
  69  6:33  Overlord  
  69  6:37  Overlord  
  71  6:47  Roach x2  
  71  6:51  Roach  
  71  6:52  Roach x3  
  81  7:04  Zerg Missile Weapons Level 1  
  81  7:07  Hydralisk x4  
  89  7:26  Hydralisk x2  
  89  7:28  Overlord x3  
  89  7:29  Hydralisk  
  76  7:41  Roach x7  
  80  7:56  Hydralisk x5  
  86  8:04  Hydralisk x2  
  76  8:33  Zergling x8  
  76  8:34  Zergling x8  
  80  8:47  Hydralisk x4  
  84  9:31  Hydralisk  
  84  9:32  Hydralisk x9  
  86  9:57  Roach  
  86  9:58  Roach x7  
  96  10:12  Overlord  
  96  10:13  Overlord x2  
  96  10:15  Zergling x10  
  101  10:22  Hydralisk x2  
  101  10:24  Zergling x2  
  106  10:31  Grooved Spines  
  106  10:36  Spire  
  106  10:37  Drone  
  106  10:39  Drone  
  106  10:41  Drone  
  108  10:47  Hydralisk  
  108  10:48  Hydralisk  
  112  10:51  Hydralisk  
  112  10:53  Zergling x2  
  112  10:56  Zergling x2  
  116  10:57  Zergling x2  
  116  11:03  Drone x4  
  97  11:26  Hydralisk x7  
  97  11:29  Zergling x4  
  100  11:51  Mutalisk x4  
  100  11:52  Mutalisk  
  110  11:54  Mutalisk  
  112  12:03  Zergling x2  
  112  12:04  Zergling x14  
  118  12:21  Hydralisk x4  
  126  12:41  Hydralisk  
  128  12:46  Zergling x2  
  128  12:48  Overlord x3  
  128  12:49  Overlord x3  
  91  12:59  Hydralisk  
  91  13:00  Hydralisk x2  
  81  13:20  Hydralisk  
  81  13:21  Hydralisk x9  
  101  13:27  Zergling x2  
  101  13:28  Zergling x6  
  100  13:43  Hydralisk x5  
  102  13:50  Zergling x2  
  87  14:14  Hydralisk  
  87  14:15  Hydralisk x4  
  80  14:20  Zergling x8  
  80  14:21  Zergling x4  
  64  14:34  Hydralisk x3  
  68  14:42  Hydralisk  
  70  14:51  Infestation Pit  
  69  14:56  Spire  
  68  15:08  Hatchery  
  67  15:24  Hydralisk x6  
  79  15:44  Corruptor  
  79  15:49  Corruptor  
  81  15:51  Hatchery  
  79  15:58  Hydralisk  
  81  16:21  Hydralisk  
  81  16:24  Zergling x12  
  83  16:42  Corruptor  
Show
View Real Time Build Order
Export as new Build Order

JohnShaft Terran - Winner!

Build Orders: Cyclone Opening 

Get SALT Encoding   

  12  0:02  SCV  
  13  0:14  SCV  
  13  0:19  Supply Depot  
  14  0:27  SCV  
  15  0:31  Refinery  
  15  0:40  SCV  
  16  0:49  Barracks  
  16  0:52  SCV  
  17  1:06  SCV  
  17  1:07  Refinery  
  18  1:23  SCV  
  19  1:36  Orbital Command  
  19  1:40  Factory  
  19  1:42  Barracks Reactor  
  19  2:03  SCV  
  20  2:09  Supply Depot  
  19  2:17  SCV  
  19  2:22  Marine x2  
  22  2:30  Cyclone  
  22  2:35  SCV  
  26  2:52  SCV  
  26  2:56  Supply Depot  
  27  3:07  SCV  
  27  3:12  Command Center  
  28  3:20  Hellion  
  28  3:21  Hellion  
  28  3:22  Marine  
  28  3:26  SCV  
  34  3:31  Armory  
  34  3:38  SCV, Supply Depot  
  35  3:49  Hellion  
  35  3:50  Hellion  
  37  4:16  SCV  
  38  4:18  Cyclone x2  
  38  4:23  Barracks Tech Lab  
  44  4:29  SCV  
  45  4:37  Bunker  
  45  4:40  Orbital Command  
  45  4:41  SCV  
  45  4:44  Marine  
  47  4:53  SCV  
  47  4:58  Hellbat x2  
  52  5:05  SCV  
  53  5:09  Engineering Bay  
  53  5:10  Marauder  
  53  5:13  Orbital Command  
  55  5:17  SCV  
  56  5:28  Terran Vehicle Weapons Level 1  
  56  5:32  SCV, Marauder  
  59  5:37  Refinery  
  59  5:40  SCV  
  59  5:41  Missile Turret  
  59  5:42  Missile Turret  
  60  5:44  SCV  
  60  5:45  Starport  
  61  5:50  Barracks  
  61  5:57  Supply Depot  
  61  6:03  SCV  
  62  6:08  Concussive Shells  
  62  6:12  Supply Depot  
  62  6:14  Marauder, SCV, Cyclone  
  68  6:19  SCV  
  69  6:25  Starport Reactor  
  69  6:28  SCV  
  69  6:31  SCV  
  71  6:37  Missile Turret  
  71  6:43  Marauder  
  71  6:45  Cyclone  
  76  6:51  SCV x2  
  78  7:09  Marauder  
  78  7:10  Cyclone  
  62  7:39  Marine x2  
  62  7:41  Cyclone  
  62  7:42  Cyclone  
  58  7:57  Marauder  
  50  8:13  Cyclone  
  50  8:18  Barracks Reactor  
  52  8:20  Cyclone  
  52  8:21  Marauder  
  52  8:22  SCV x2  
  59  8:33  Medivac x2  
  63  8:34  SCV x2  
  63  8:37  Stimpack  
  65  8:42  Barracks  
  65  8:44  Barracks  
  65  8:46  SCV x2, Marauder  
  69  8:54  Liberator x2  
  69  8:58  SCV  
  69  8:59  SCV  
  71  9:04  Command Center  
  71  9:06  Marine x2  
  73  9:10  SCV  
  73  9:15  SCV, Marauder  
  83  9:17  Terran Infantry Weapons Level 1  
  83  9:21  Terran Vehicle And Ship Armor Level 1  
  83  9:22  Engineering Bay  
  83  9:23  SCV  
  84  9:27  Marine x2  
  84  9:28  Supply Depot  
  86  9:32  Supply Depot  
  86  9:37  Barracks Reactor  
  86  9:38  Barracks Tech Lab  
  86  9:45  SCV x2  
  77  9:57  SCV  
  76  10:04  Marine x2  
  76  10:05  Marauder x2  
  82  10:17  Marine x2  
  84  10:22  Reaper x2  
  84  10:23  Medivac x2  
  84  10:26  Marauder  
  92  10:28  Supply Depot  
  92  10:29  Supply Depot  
  92  10:30  Orbital Command  
  92  10:33  Refinery  
  92  10:34  SCV x2, Refinery  
  94  10:46  SCV  
  95  10:50  Marine x2  
  95  10:53  Medivac  
  95  10:54  Cyclone x2  
  95  10:55  Marine x2  
  95  10:56  Marauder  
  109  10:57  SCV x2  
  109  10:58  SCV  
  104  11:19  Liberator x2  
  92  11:25  Marine x2  
  94  11:37  Marine x4  
  99  11:50  SCV x2  
  99  11:53  Marine x2  
  103  11:55  Marine x3  
  103  11:56  Marauder  
  108  12:07  Terran Infantry Weapons Level 2  
  108  12:11  Marine x2  
  108  12:13  Supply Depot, Marine  
  108  12:14  Supply Depot, Marauder, Combat Shields  
  113  12:26  Command Center  
  113  12:43  Marine x4  
  117  12:48  Missile Turret  
  117  12:49  Missile Turret  
  75  13:11  Marine x4  
  75  13:12  Marauder x2  
  72  13:13  Cyclone  
  72  13:14  Cyclone  
  72  13:15  SCV  
  72  13:16  SCV x2  
  81  13:40  Refinery  
  70  13:41  Marine x2  
  70  13:42  Marauder  
  70  13:44  Marine x3  
  70  13:45  Cyclone  
  70  13:47  Cyclone  
  70  13:59  Marine  
  42  14:24  Marine x3  
  40  14:25  Marauder x2  
  40  14:30  Cyclone  
  40  14:31  Cyclone, Marine  
  53  14:32  Medivac x2  
  58  14:41  Marine  
  58  14:42  Marine x2, Orbital Command  
  61  14:46  Marauder, Marine  
  61  14:50  Planetary Fortress  
  64  14:56  Marine  
  64  14:59  Terran Infantry Armor Level 1, Marine x2  
  66  15:04  Marauder  
  69  15:08  Marauder  
  71  15:15  Marine x2  
  73  15:25  Marauder  
  131  15:28  Medivac x2  
  75  15:29  Marauder  
  75  15:32  Marine x2  
  75  15:34  SCV  
  84  15:37  SCV  
  84  15:38  SCV  
  86  15:46  SCV  
  86  15:47  Marauder  
  86  15:48  Marine x2  
  86  15:49  SCV  
  92  15:50  SCV  
  93  16:03  Hellbat x2  
  97  16:05  Marine x3  
  100  16:17  Marine x2  
  100  16:18  Marine  
  103  16:23  Marauder  
  105  16:34  Hellbat x2  
  106  16:41  Marine  
  106  16:42  Marine  
  106  16:46  Marine x2  
  110  16:47  Marauder  
Show
View Real Time Build Order
Export as new Build Order

Momo Terran - Winner!

Build Orders:  

Get SALT Encoding   

  12  0:01  SCV  
  13  0:13  SCV  
  14  0:20  Supply Depot  
  14  0:26  SCV  
  15  0:43  Barracks  
  15  0:48  Barracks  
  15  0:55  Refinery  
  15  0:59  SCV  
  16  1:11  SCV  
  17  1:23  SCV  
  18  1:40  Supply Depot  
  18  1:45  Reaper  
  19  1:52  Orbital Command  
  19  1:57  Refinery  
  19  1:58  Reaper  
  20  2:19  Reaper  
  21  2:37  SCV  
  22  2:44  Command Center  
  22  2:49  SCV  
  23  3:20  Marine  
  24  3:37  Marine  
  24  3:38  Marine  
  23  3:43  Factory  
  23  3:44  SCV  
  25  3:56  Supply Depot, Marine  
  25  4:01  SCV  
  26  4:03  Barracks Tech Lab  
  26  4:05  SCV  
  27  4:13  Marine  
  28  4:40  Siege Tank  
  28  4:44  SCV  
  32  4:45  Starport  
  32  4:50  Engineering Bay, Supply Depot  
  32  4:56  SCV, Marine  
  32  4:57  Marine  
  35  5:05  SCV  
  36  5:14  Siege Tank  
  39  5:19  SCV  
  40  5:21  SCV  
  40  5:22  Barracks Reactor, Supply Depot  
  41  5:32  Sensor Tower, Medivac  
  41  5:34  Terran Infantry Armor Level 1, SCV  
  41  5:35  Missile Turret  
  44  5:36  Marine  
  45  5:44  SCV  
  45  5:47  Refinery  
  45  5:48  Siege Tank  
  45  5:49  Refinery  
  49  6:17  Marine x2  
  51  6:18  Medivac  
  51  6:19  Viking  
  55  6:38  Marine  
  55  6:39  Marine  
  57  6:42  Siege Tank  
  57  6:45  SCV  
  61  6:56  Marine  
  61  6:58  Marine  
  61  6:59  Medivac  
  61  7:00  Viking  
  67  7:05  SCV  
  64  7:14  Marine  
  64  7:16  Marine  
  64  7:17  Siege Tank  
  68  7:30  SCV  
  68  7:33  Marine  
  70  7:41  Command Center  
  70  7:45  Supply Depot  
  70  7:46  Supply Depot  
  70  8:07  Marine x2  
  72  8:24  Marine x2  
  68  8:31  Siege Tank  
  67  8:42  Marine x2  
  67  8:45  Viking, Medivac  
  73  9:00  Marine x2  
  68  9:03  Siege Tank  
  68  9:08  Terran Infantry Weapons Level 1  
  63  9:12  Factory, Planetary Fortress  
  63  9:14  Liberator  
  61  9:18  Marine  
  61  9:29  Marine  
  62  9:32  Medivac  
  62  9:33  SCV  
  62  9:38  Supply Depot, Marine  
  69  9:45  Planetary Fortress, SCV  
  70  9:57  SCV, Marine x2  
  70  9:58  Siege Tank  
  76  10:09  SCV  
  77  10:15  Marine x2  
  77  10:17  Starport  
  77  10:19  Refinery  
  79  10:21  SCV  
  80  10:30  Siege Tank  
  80  10:33  Viking  
  80  10:34  SCV x2  
  87  10:39  SCV, Supply Depot  
  88  10:45  Supply Depot  
  88  11:03  Marine x2  
  90  11:04  Siege Tank  
  90  11:07  Medivac  
  95  11:15  Missile Turret  
  95  11:24  Marine x2  
  95  11:25  Medivac  
  99  11:31  SCV x2  
  100  11:37  Viking  
  100  11:38  Siege Tank  
  104  11:42  Marine x2  
  101  12:02  Refinery  
  101  12:06  Supply Depot  
  101  12:07  Barracks x2  
  101  12:10  Sensor Tower  
  101  12:13  Command Center  
  98  12:19  Marine x2  
  98  12:20  Siege Tank  
  101  12:22  Starport Tech Lab  
  101  12:24  Factory Tech Lab  
  101  12:34  Viking, Medivac  
  97  13:04  Marine x2  
  99  13:13  Siege Tank x2  
  99  13:16  Liberator  
  96  13:22  Marine x2  
  98  13:33  Medivac  
  98  13:34  Raven  
  105  13:39  Marine  
  105  13:40  Marine  
  104  13:57  Marine x2  
  98  14:07  Siege Tank x2  
  101  14:15  Marine x2  
  101  14:16  Banshee  
  98  14:33  Marine x2  
  98  14:38  Viking, Medivac  
  104  14:51  Marine x2  
  104  14:52  SCV x2  
  108  14:59  Medivac  
  110  15:08  Viking  
  109  15:15  Armory  
  109  15:28  Command Center  
  109  15:29  Marine x2  
  109  15:30  Liberator x2, Siege Tank x2  
  109  15:31  Raven  
  119  15:38  Planetary Fortress  
  119  15:41  SCV  
  120  15:48  Marine x2  
  128  16:15  Marine x2  
  128  16:16  Thor  
  128  16:17  Thor  
  128  16:18  Raven  
  144  16:19  SCV x2  
  144  16:24  SCV  
  147  16:32  Viking, Medivac  
  148  16:46  Marine  
  148  16:47  Marine  
Tags
 
Add a new tag
Caveats
  • Supply blocks, unpowered buildings, or Contaminate may cause inaccurate times.
  • Supply counts are checked every 10 seconds.